 Dungeon Crawl Stone Soup version 0.28.0-47-ge53b351184 (webtiles) character file.

Game seed: 5826841159954450171

514 issech the Cudgeller (level 7, 0/67 HPs)
             Began as a Troll Fighter on Apr 27, 2022.
             Succumbed to a scorpion's poison
             ... in an ossuary.
             The game lasted 00:08:22 (2548 turns).

issech the Cudgeller (Troll Fighter)                Turns: 2548, Time: 00:08:23

Health: 0/67       AC:  4    Str: 25    XL:     7   Next: 0%
Magic:  6/6        EV:  9    Int:  4    God:
Gold:   76         SH:  9    Dex: 11    Spells: 6/6 levels left

rFire   . . .      SeeInvis .   a - +0 flail
rCold   . . .      Faith    .   c - +1 kite shield
rNeg    . . .      Spirit   .   b - +0 robe
rPois   .          Reflect  .   (helmet restricted)
rElec   .          Harm     .   (no cloak)
rCorr   .          Rampage  .   (gloves unavailable)
Will    .....                   (boots unavailable)
Stlth   +.........              (no amulet)
HPRegen 1.01/turn               (no ring)
MPRegen 0.10/turn               (no ring)

@: lethally poisoned (0 -> 0)
A: large, unfitting armour, claws 3, regeneration 1, shaggy fur 1, tough skin 1
a: no special abilities


You were in an ossuary.
You visited 1 branch of the dungeon, and saw 4 of its levels.
You also visited: Ossuary.

You collected 76 gold pieces.

Inventory:

Hand Weapons
 a - a +0 flail (weapon)
 k - a +0 dagger of venom
 t - the +4 hunting sling of the Twisting Badger {venom, Str+2}
   (You found it on level 3 of the Dungeon)

   Any ammunition fired from it poisons the flesh of those it strikes.
   Str:       It affects your strength (+2).
Missiles
 g - 64 stones (quivered)
 l - 17 arrows
 o - 4 silver javelins
 q - 15 bolts
 r - 5 curare-tipped darts
Armour
 b - a +0 robe (worn)
 c - a +1 kite shield (worn)
Magical Staves
 j - a staff of cold
 m - a staff of earth
Jewellery
 v - a ring of flight
Scrolls
 e - a scroll of fog
 h - a scroll of immolation
 n - a scroll of teleportation
 s - a scroll of fear
Potions
 d - a potion of might
 f - 2 potions of curing {unknown}
 i - a potion of degeneration {unknown}
 p - 2 potions of lignification {unknown}
 u - a potion of mutation {unknown}


   Skills:
 + Level 3.5 Fighting
 + Level 4.0 Maces & Flails
 + Level 2.1 Slings
 + Level 0.1(1.7) Throwing
 + Level 3.1 Dodging
 + Level 0.2 Stealth
 + Level 3.3 Shields


You had 6 spell levels left.
You didn't know any spells.
Your spell library was empty.

Dungeon Overview and Level Annotations

Branches:
Dungeon (4/15)             Temple (0/1) D:4         Ossuary (1/1)

Altars:

Annotations:
D:4 Edmund


Innate Abilities, Weirdness & Mutations

You are too large for most types of armour.
You have claws for hands.
Your natural rate of healing is unusually fast.
You are covered in fur. (AC +1)
You have tough skin. (AC +1)


Message History

You barely miss the scorpion.
The scorpion is heavily wounded.
The scorpion stings you! You block the scorpion's attack.
You block the scorpion zombie's attack. The scorpion stings you.
You are poisoned.
The scorpion poisons you!
You sock the scorpion!
You kill the scorpion!
You feel very sick. You block the scorpion zombie's attack.
You block the scorpion's attack.
The scorpion zombie hits you but does no damage.
The scorpion stings you.
* * * LOW HITPOINT WARNING * * *
You are more poisoned.
The scorpion poisons you!
Your Maces & Flails skill increases to level 4!
You have reached level 7!
You feel very sick.
You thump the hobgoblin zombie!
You destroy the hobgoblin zombie!
You feel very sick. The scorpion barely misses you.
You hit the scorpion but do no damage.
You feel very sick. The scorpion completely misses you.
You sock the scorpion!
The scorpion is heavily wounded.
You feel sick. You block the scorpion's attack. x2
You closely miss the scorpion.
The scorpion is heavily wounded.
You feel sick. The scorpion stings you!
* * * LOW HITPOINT WARNING * * *
Unknown command.
You hit the scorpion.
The scorpion is severely wounded.
You feel sick. You block the scorpion's attack.
The scorpion closely misses you.
You hit the scorpion.
The scorpion is almost dead.
You die...

####################
!!?#...#...#...#...#
?.M#...'...8...#.∩.#
?.!#...#.......#...#
#####'###8...8###'##
...#...#.......#...#
...8...#...8..Zs@∩.#
.......#...#...#...#
#8...8##############
....... ...8...
...#...# ########


You could see a scorpion and a scorpion zombie.

Vanquished Creatures
  An ice beast (D:3)
  3 scorpions
  An orc priest (D:3)
  Jessica (D:3)
  Natasha (D:4)
  An orc wizard (D:3)
  A scorpion zombie (Ossuary)
  A hound skeleton (D:4)
  3 adders
  2 worms
  3 dart slugs
  6 orcs (D:3)
  5 bats
  8 endoplasms
  2 giant cockroaches (D:3)
  A hobgoblin (D:2)
  A quokka (D:1)
  7 ball pythons
  5 frilled lizards
  6 goblins
  A hobgoblin zombie (Ossuary)
  5 kobolds
  A kobold zombie (Ossuary)
  2 rats
68 creatures vanquished.

Vanquished Creatures (others)
  A plant (D:3)
1 creature vanquished.

Grand Total: 69 creatures vanquished

Notes
Turn   | Place    | Note
-------+----------+-------------------------------------------
     0 | D:1      | issech the Troll Fighter began the quest for the Orb.
     0 | D:1      | Reached XP level 1. HP: 22/22 MP: 0/0
   150 | D:1      | Reached XP level 2. HP: 25/29 MP: 1/1
   411 | D:1      | Reached skill level 2 in Maces & Flails
   761 | D:2      | Reached XP level 3. HP: 24/36 MP: 2/2
  1378 | D:3      | Reached XP level 4. HP: 33/44 MP: 3/3
  1647 | D:3      | Identified the +4 hunting sling of the Twisting Badger
                  | {venom, Str+2}
  1732 | D:3      | Noticed an ice beast
  1750 | D:3      | Killed an ice beast
  1751 | D:3      | Reached skill level 3 in Maces & Flails
  1751 | D:3      | Reached XP level 5. HP: 45/53 MP: 4/4
  1819 | D:3      | Noticed Jessica
  1823 | D:3      | Killed Jessica
  1824 | D:3      | Reached skill level 1 in Slings
  1930 | D:3      | Found a faded altar of an unknown god.
  2105 | D:3      | Reached XP level 6. HP: 51/61 MP: 5/5
  2263 | D:4      | Noticed Natasha
  2269 | D:4      | Killed Natasha
  2426 | D:4      | Found a staircase to the Ecumenical Temple.
  2439 | D:4      | Noticed Edmund
  2445 | D:4      | Found a sand-covered staircase.
  2450 | Ossuary  | Entered an ossuary
  2542 | Ossuary  | Reached skill level 4 in Maces & Flails
  2542 | Ossuary  | Reached XP level 7. HP: 19/67 MP: 6/6
  2546 | Ossuary  | HP: 1/67 [scorpion (8)]
  2548 | Ossuary  | Succumbed to a scorpion's poison

Illustrated notes

Levels and vault maps discovered:
D:1:      matt_arrival_refuge, layout_rooms, serial_forest,
          infiniplex_forest_clump_medium, infiniplex_forest_lined_room_2,
          infiniplex_forest_diagonal, infiniplex_forest_zigzag_2,
          infiniplex_forest_lined_4_way, infiniplex_forest_lined_2,
          infiniplex_forest_end_2
D:2:      layout_rooms, serial_rivers, chequers_serial_rivers_large_b,
          chequers_serial_rivers_micro_d, chequers_serial_rivers_large_a,
          chequers_serial_rivers_micro_e, chequers_serial_rivers_small_b
D:3:      layout_loops_ring, nicolae_overflow_hidden_temple,
          shapermc_ecumenical_altar_pompeii, serial_bayou,
          serial_bayou_lagoon_a, serial_bayou_pond_c, serial_bayou_ford_a,
          serial_bayou_crossing, serial_bayou_pond_e, serial_bayou_pond_d,
          kennysheep_nub, chequers_serial_rivers_micro_a,
          kennysheep_cross_bottleneck, moated_statue,
          chequers_serial_rivers_room_a, uniq_jessica
D:4:      layout_basic, minmay_temple_entry_offerings, enter_ossuary_5,
          portal_sewer_entry_e, hex_intersection, uniq_edmund, uniq_natasha,
          uniq_menkaure, uniq_pikel
Ossuary:  ossuary_minmay_scorpions

Skill      XL: |  1  2  3  4  5  6 |
---------------+-------------------+-----
Maces & Flails | 2 3 4 |  4.0
Shields        | 3 |  3.3
Fighting       | 3 |  3.5
Dodging        | 3 |  3.1
Slings         | 1 2 |  2.1
Throwing       | |  0.1
Stealth        | |  0.2

Action                   |  1- 3 |  4- 6 |  7- 9 || total
-------------------------+-------+-------+-------++-------
Melee: Flail             |   133 |    63 |     6 ||   202
 Fire: Hunting sling     |       |    48 |       ||    48
Throw: Stone             |     7 |       |       ||     7
  Use: Scroll            |       |     5 |       ||     5
Armor: Robe              |    46 |    22 |       ||    68
Dodge: Dodged            |    69 |    38 |     3 ||   110
Block: Kite shield       |    61 |    47 |     3 ||   111
